AoeStats
← 大大只

Black Forest

510824692Analyzed
4v4 RM · 18h ago on Oct 2, 2026· 54m 19s· 8 players
Game mode
Random Map
Map size
Large (8 player)
Population
200
Speed
Normal
Resources
Standard
Victory
Conquest
Starting age
Dark Age
Ending age
Imperial Age
RankedLock teamsTeams togetherTeam positionsShared explorationLock speedFull tech treeHidden civsTurbo modeCheats
Victory
Defeat
🇲🇽 Celts · Mexico
986
+13
🇦🇷 Gurjaras · Argentina
981
+13
🇪🇸 Malay · Spain
875
+18
🇮🇹 Romans · Italy
843
+20
🇩🇪 Sicilians · Germany
924
-16
🇲🇾 Muisca · Malaysia
922
-16
🇩🇪 Chinese · Germany
915
-16
🇩🇪 Malay · Germany
911
-16
Jeanne d'Arc
0:48 Loom
12:03 Feudal Age
19:16 Castle Age
18:26 Horse Collar
18:34 Double-Bit Axe
18:42 Gold Mining
18:46 Stone Mining
20:30 Bow Saw
20:50 Heavy Plow
22:24 Gold Shaft Mining
27:55 Wheelbarrow
31:06 Imperial Age
29:31 Ballistics
31:36 Chemistry
31:35 Crop Rotation
31:46 Stone Shaft Mining
31:30 Scale Barding Armor
31:36 Forging
31:40 Pikeman
32:21 Squires
32:07 Arson
33:26 Halberdier
33:45 Man-at-Arms
34:09 Elite Battle Elephant
35:19 Caravan
36:02 Forced Levy
37:37 Iron Casting
36:30 Long Swordsman
37:46 Two-Handed Swordsman
Anfangspunkt
12:50 Feudal Age
13:27 Feudal Age
15:35 Double-Bit Axe
18:55 Fletching
19:08 Padded Archer Armor
25:16 Castle Age
24:26 Fletching
24:37 Padded Archer Armor
31:08 Wheelbarrow
32:48 Bodkin Arrow
33:10 Leather Archer Armor
33:02 Stone Mining
33:02 Gold Mining
33:27 Bow Saw
33:58 Scale Mail Armor
40:51 Pikeman
41:44 Thumb Ring
43:07 Forging
ButterMyHead
0:49 Loom
11:29 Feudal Age
21:02 Castle Age
19:19 Horse Collar
20:40 Stone Mining
20:49 Double-Bit Axe
23:58 Gold Mining
26:03 Pikeman
28:13 Wheelbarrow
28:22 Forging
28:12 Scale Mail Armor
32:36 Imperial Age
31:07 Gold Shaft Mining
31:25 Heavy Plow
33:46 Iron Casting
33:26 Chain Mail Armor
35:46 Town Watch
35:26 Halberdier
36:51 Bow Saw
39:25 Blast Furnace
38:40 Chain Mail Armor
41:26 Chemistry
42:44 Bloodlines
42:35 Husbandry
42:54 Crossbowman
45:48 Cavalier
46:50 Hand Cart
48:28 Crop Rotation
48:16 Arbalester
48:25 Elite Skirmisher
大大只
0:46 Loom
12:27 Feudal Age
16:22 Castle Age
15:05 Town Watch
15:21 Double-Bit Axe
15:32 Horse Collar
17:37 Wheelbarrow
24:56 Town Watch
33:52 Imperial Age
32:45 Bow Saw
33:39 Stone Mining
35:30 Thumb Ring
36:33 Two-Man Saw
36:21 Crossbowman
38:20 Gold Mining
38:31 Heavy Plow
38:43 Pikeman
39:24 Squires
39:07 Capped Ram
40:55 Hand Cart
41:44 Block Printing
43:19 Arbalester
44:42 Fletching
44:53 Padded Archer Armor
46:16 Conscription
50:41 Bodkin Arrow
53:45 Leather Archer Armor
W4IT ZeN
10:46 Feudal Age
11:30 Double-Bit Axe
17:14 Castle Age
15:33 Fishing Lines
16:41 Wheelbarrow
16:19 Horse Collar
18:06 Bow Saw
18:06 Heavy Plow
19:45 Stone Mining
21:07 Loom
22:42 Hand Cart
26:42 Man-at-Arms
27:58 Gold Mining
29:30 Town Watch
29:53 Caravan
34:53 Imperial Age
33:28 Town Patrol
35:31 Squires
36:31 Conscription
36:17 Ballistas
36:51 Crop Rotation
36:25 Padded Archer Armor
36:15 Fletching
36:25 Scale Mail Armor
37:51 Long Swordsman
37:56 Onager
39:13 Scale Barding Armor
39:23 Leather Archer Armor
39:04 Bodkin Arrow
39:12 Pikeman
40:08 Legionary
40:59 Gillnets
41:48 Gold Shaft Mining
44:44 Chemistry
43:54 Fortified Wall
43:56 Masonry
44:06 Ballistics
44:27 Comitatenses
44:48 Halberdier
45:51 Fervor
46:36 Elite Centurion
53:33 Heavy Scorpion
53:35 Capped Ram
Geroncio Sofronio
14:19 Feudal Age
15:53 Fishing Lines
19:01 Castle Age
17:04 Fishing Lines
19:24 Double-Bit Axe
20:34 Gillnets
23:39 Gold Mining
23:40 Stone Mining
24:02 Bow Saw
26:51 Wheelbarrow
26:08 Fletching
26:18 Padded Archer Armor
26:32 Forging
26:29 Scale Barding Armor
28:37 Gold Shaft Mining
28:37 Stone Shaft Mining
31:38 Imperial Age
29:24 Hand Cart
28:57 Town Watch
30:25 Iron Casting
29:40 Fletching
29:51 Padded Archer Armor
29:49 Loom
30:26 Ballistics
31:01 Treadmill Crane
31:28 Squires
30:50 Man-at-Arms
30:51 Pikeman
31:20 Arson
32:39 Blast Furnace
31:34 Bodkin Arrow
32:53 Husbandry
32:14 Elite Battle Elephant
32:19 Long Swordsman
33:41 Horse Collar
35:31 Chemistry
34:35 Bracer
34:51 Leather Archer Armor
35:24 Heavy Plow
35:45 Halberdier
35:45 Two-Handed Swordsman
37:09 Ring Archer Armor
36:30 Crossbowman
37:16 Thumb Ring
37:39 Arbalester
39:13 Forced Levy
39:34 Conscription
40:36 Capped Ram
45:06 Elite Karambit Warrior
Moonblossom
0:33 Loom
11:10 Feudal Age
18:01 Castle Age
16:06 Stone Mining
16:22 Horse Collar
16:32 Double-Bit Axe
20:38 Town Watch
21:49 Bow Saw
23:55 Heavy Plow
25:18 Wheelbarrow
26:50 Gold Mining
28:14 Hand Cart
32:40 Imperial Age
31:46 Forging
32:11 Ballistics
31:53 Scale Mail Armor
34:25 Chemistry
32:49 Onager
34:22 Chain Mail Armor
33:31 Man-at-Arms
33:57 Gambesons
34:40 Conscription
35:57 Plate Mail Armor
36:08 Iron Casting
34:56 Long Swordsman
35:59 Siege Onager
36:08 Two-Handed Swordsman
38:30 Blast Furnace
37:45 Champion
44:09 Capped Ram
46:20 Pikeman
47:05 Halberdier
47:55 Siege Ram
53:13 Murder Holes
crepysa
0:59 Loom
11:05 Feudal Age
11:36 Double-Bit Axe
16:30 Castle Age
15:07 Gold Mining
15:09 Horse Collar
16:32 Town Watch
17:49 Wheelbarrow
18:17 Bow Saw
27:06 Fletching
34:02 Heavy Plow
35:24 Scale Mail Armor
35:22 Bodkin Arrow
36:12 Kshatriyas
36:48 Scale Mail Armor
36:37 Arson
37:16 Masonry
37:01 Murder Holes
37:43 Stone Mining
38:33 Gold Shaft Mining
41:32 Imperial Age
39:19 Bloodlines
39:39 Husbandry
39:22 Light Cavalry
41:20 Forging
41:25 Scale Barding Armor
42:42 Conscription
45:10 Chain Mail Armor
45:32 Iron Casting
46:21 Ballistics
45:43 Treadmill Crane
50:48 Chain Barding Armor
54:01 Chemistry
53:58 Elite Shrivamsha Rider
Connection lost

Rejoining the realm…

Still unreachable

The connection could not be restored.

Session expired

The server has moved on; the page needs a fresh start.